Arrhythmia, chaotic female vampiric Convict ------------- --------- #######-...........| |.......| |<..........| --------- |.......-#############################............| #........| |.......| # |......%....| #|.......| ------.-- ### ##.............####......@.| ## # # --------.---- #|...i..T| % ### ### # #--------- ### # -------- # # # # ### |......|### # # # # |......|# # # ---------.--- ### |......|# # # |............0##########%#0###|......|# # # |....<......| ###|.......# ## # |...%.......| #.......| -------.------# ------------- #-------- |............|# #################|.......%....|# #-.............# -------------- Arrhythmia the Jail-bird Experience level: 9 Strength: 18/01 Dexterity: 9 Constitution: 18 Intelligence: 13 Wisdom: 9 Charisma: 7 Health: 0(89) Energy: 52(52) AC: 1 Gold: 0 Moves: 4860 Your Inventory: Amulets G - a [cursed] square amulet [of strangulation] Armor b - a cursed +0 striped shirt k - an [uncursed] +0 hard hat [dwarvish iron helm] (being worn) l - an [uncursed] +0 hooded cloak [dwarvish] (being worn) r - an [uncursed] +0 pair of low boots (being worn) s - an [uncursed] +0 elven mithril-coat (being worn) y - an [uncursed] +0 pair of padded gloves [gauntlets of dexterity] (being worn) Comestibles e - an [uncursed] Hot Futa Mare Dick Scrolls h - an [uncursed] scroll labeled READ ME [of food detection] j - 2 [uncursed] scrolls labeled KO BATE [of create monster] q - an [uncursed] scroll labeled THARR [of teleportation] u - a [blessed] scroll labeled JUYED AWK YACC [of light] C - an [uncursed] scroll labeled PHOL ENDE WODAN [of destroy armor] H - an [uncursed] scroll labeled JUYED AWK YACC [of light] P - a [cursed] scroll labeled KO BATE [of create monster] Potions t - an [uncursed] potion of extra healing I - a [cursed] squishy potion [of healing] Rings n - a [cursed -2] coral ring [of increase damage] Wands v - an [uncursed] wand of create monster [0:14] x - an [uncursed] wand of light [0:14] J - an [uncursed] wand of magic missile [0:2] Tools D - an [uncursed +0] pick-axe E - an [uncursed] blindfold F - an [uncursed] looking glass [mirror] Iron balls c - an [uncursed] heavy iron ball (weapon in hand) Spells known in the end: Name Level Category Fail Memory Your skills at the end: Fighting Skills Weapon Skills sling [Basic / Skilled] Spellcasting Skills Final Attributes: You were piously aligned. Hunger level was 483. Your alignment was 33 / 34. Monster difficulty range was 1 - 8. Level difficulty was 8. You were immune to poison. You were immune to level-drain. You were immune to sickness. You saw invisible. You could fly. You could survive without air. You regenerated. Your luck was zero. You are dead. Vanquished creatures: a large mimic 2 small mimics a troll a winter wolf cub a lynx a spotted jelly a leprechaun an ice vortex a black light a forest centaur 2 gnome kings a dwarf mummy a dog a dwarf lord a snake a rope golem 2 snow ants 3 bugbears a wood nymph 10 Uruk-hai a rock piercer 3 rock moles a violet fungus 8 gnome lords a gnomish wizard a gray ooze a ghoul a floating eye 2 dwarves a kobold lord a kobold shaman 2 hill orcs 2 rabid rats 4 dwarf zombies an iguana 10 killer bees an acid blob 3 coyotes a hobbit 4 large kobolds 6 hobgoblins 4 giant rats 2 gnomes 5 garter snakes 3 geckos 6 jackals 2 foxes a kobold 4 goblins 2 sewer rats 4 grid bugs a bat 3 lichens 6 newts 132 creatures vanquished. Voluntary challenges: You went without food. You never hit with a wielded weapon. You read items or engraved 7 times. You put on armor 15 times. You never genocided any monsters. You never polymorphed an object. You never changed form. You used no wishes. You abstained from Elbereth's help. You never encountered a bones level. You never used any Sokoban shortcuts. Dungeon overview: The Dungeons of Doom: levels 1 to 10 Level 1 a long staircase Level 2 a delicatessen stairs to The Gnomish Mines Level 3 a general store Level 4 a potion shop, a fountain, a sink Level 5 a potion shop, a fountain Level 6 many fountains Level 7 a long staircase Level 8 <- You were here stairs to Town Level 9 a fountain, a sink The Gnomish Mines: Level 3 stairs to The Dungeons of Doom Town: Level 7 stairs to The Dungeons of Doom History has recorded: On T:1 you entered the Dungeons of Doom to retrieve the Amulet of Yendor! On T:6 you advanced to experience level 2. On T:296 you advanced to experience level 3. On T:605 you reached level 2 of The Dungeons of Doom. On T:635 you reached level 1 of The Gnomish Mines. On T:771 you advanced to experience level 4. On T:1126 you reached level 3 of The Dungeons of Doom. On T:1247 you advanced to experience level 5. On T:1499 you advanced to experience level 6. On T:1673 you reached level 4 of The Dungeons of Doom. On T:2175 you reached level 5 of The Dungeons of Doom. On T:2534 you reached level 6 of The Dungeons of Doom. On T:2543 you advanced to experience level 7. On T:2923 you advanced to experience level 8. On T:3421 you reached level 7 of The Dungeons of Doom. On T:3788 you reached level 8 of The Dungeons of Doom. On T:3925 you reached level 3 of Town. On T:4370 you reached level 9 of The Dungeons of Doom. On T:4461 you reached level 10 of The Dungeons of Doom. On T:4602 you advanced to experience level 9. Latest messages: The troll hits! (2x) The troll misses. [HP-19=42] You miss the troll. You bite the troll. The troll thrusts his broad short sword. The troll hits! The troll misses. (2x) [HP-11=31] You miss the troll. You bite the troll. The troll thrusts his broad short sword. The troll hits! The troll misses. The troll bites! [HP-19=12] [HP+1=13] [HP+1=14] The troll thrusts his broad short sword. The troll hits! The troll just misses! The troll bites! You die... Final status: Goodbye Arrhythmia the Convict... You died in The Dungeons of Doom on dungeon level 8 with 7648 points, and 0 pieces of gold, after 4860 moves. You were level 9 with a maximum of 89 hit points when you died.